 Dungeon Crawl Stone Soup version 0.23-a0-416-g33f1def (webtiles) character file.

141 Agosen the Skirmisher (level 5, -1/42 HPs)
             Began as a Demonspawn Gladiator on Nov 10, 2018.
             Slain by an ogre
             ... wielding a +0 giant spiked club
              (16 damage)
             ... on level 4 of the Dungeon.
             The game lasted 00:09:40 (3020 turns).

Agosen the Skirmisher (Demonspawn Gladiator)        Turns: 3020, Time: 00:09:42

Health: -1/42      AC:  4    Str: 16    XL:     5   Next: 3%
Magic:  5/5        EV: 13    Int:  9    God:
Gold:   147        SH:  0    Dex: 14    Spells: 4/4 levels left

rFire    . . .     SeeInvis .   a - +0 long sword
rCold    . . .     Gourm    .   (no shield)
rNeg     . . .     Faith    .   b - +0 leather armour
rPois    .         Spirit   .   (helmet restricted)
rElec    .         Reflect  .   (no cloak)
rCorr    .         Harm     .   t - +0 pair of gloves
MR       .....                  (no boots)
Stlth    +.........             (no amulet)
HPRegen  0.14/turn              (no ring)
MPRegen  0.09/turn              (no ring)

@: no status effects
A: antennae 2
a: no special abilities


You were on level 4 of the Dungeon.
You were not hungry.

You visited 1 branch of the dungeon, and saw 4 of its levels.

You collected 147 gold pieces.

Inventory:

Hand Weapons
 a - a +0 long sword (weapon)
 h - a +1 hunting sling of flaming
Missiles
 d - 3 throwing nets (quivered)
 s - 52 stones
Armour
 b - a +0 leather armour (worn)
 c - a +0 helmet
 l - a +0 robe
 t - a +0 pair of gloves (worn)
 u - a +0 pair of boots
Scrolls
 e - a scroll of identify {unknown}
 g - 4 scrolls of remove curse
 i - a scroll of enchant weapon {unknown}
 j - 2 scrolls of blinking
 p - 2 scrolls of teleportation {unknown}
 q - a scroll of amnesia {unknown}
 r - 2 scrolls of magic mapping {unknown}
Potions
 m - a potion of heal wounds {unknown}
 n - a potion of lignification {unknown}
 o - a potion of flight {unknown}
Comestibles
 f - 4 rations


   Skills:
 * Level 3.8 Fighting
 - Level 3.0 Long Blades
 - Level 1.7 Throwing
 - Level 0.1 Armour
 + Level 3.4 Dodging
 * Level 1.5 Unarmed Combat


You had 4 spell levels left.
You didn't know any spells.
Your spell library was empty.

Dungeon Overview and Level Annotations

Branches:
Dungeon (4/15)
 Temple: D:4-7

Altars:


Innate Abilities, Weirdness & Mutations

You have a pair of antennae on your head.


Message History

Found a murky red potion.
The quokka bites you but does no damage.
The leopard gecko misses you.
You riposte.
You hit the leopard gecko.
The leopard gecko is severely wounded.
Found a potion of curing.
You see here a tomahawk.
The quokka barely misses you.
You riposte.
You closely miss the quokka.
You see here a murky red potion.
The orc wizard gestures wildly while chanting.
The orc wizard blinks!
The leopard gecko misses you.
You riposte.
You slash the leopard gecko!
You kill the leopard gecko!
You see here a potion of curing.
You feel better. The quokka misses you.
An ogre comes into view. It is wielding a +0 giant spiked club.
The ogre shouts!
The quokka bites you. The quokka barely misses you.
The ogre hits you with a +0 giant spiked club!
You die...

...o....... .......
........... #.....#
........... #.....#
...o....... #.....#
........... +.....####
.##.####... #.........
.##(#####+###.....# .
...........##gr...##....
.....!o.o.o.Z..O@.......
..................##....
.......†.!........# ...
...................#
...................#
...................#
####################


You could see an ogre, a gnoll, an orc, a quokka and an adder skeleton.

Vanquished Creatures
  A bullfrog skeleton (D:3)
  2 adders (D:2)
  An ooze (D:1)
  2 worms (D:3)
  2 dart slugs
  A leopard gecko (D:4)
  An orc (D:3)
  A ball python (D:2)
  3 giant cockroaches
  6 goblins
  9 hobgoblins
  6 jackals
  21 kobolds
  2 quokkas
  9 bats
  3 frilled lizards (D:1)
  7 rats
77 creatures vanquished.

Notes
Turn   | Place    | Note
-------+----------+-------------------------------------------
     0 | D:1      | Agosen the Demonspawn Gladiator began the quest for the
                  | Orb.
     0 | D:1      | Reached XP level 1. HP: 16/16 MP: 1/1
   456 | D:1      | Gained mutation: You have a pair of small antennae on your
                  | head. [demonic ancestry]
   456 | D:1      | Reached XP level 2. HP: 19/22 MP: 2/2
   793 | D:1      | Gained mutation: You have a pair of antennae on your head.
                  | [demonic ancestry]
   793 | D:1      | Reached XP level 3. HP: 27/28 MP: 3/3
  1311 | D:2      | Reached skill level 1 in Unarmed Combat
  1706 | D:2      | Reached XP level 4. HP: 35/35 MP: 4/4
  2919 | D:3      | Reached XP level 5. HP: 39/42 MP: 5/5
  3015 | D:4      | Noticed an ogre
  3020 | D:4      | Slain by an ogre

Vault maps used:
D:1:      evilmike_arrival_fibonacci_small
D:2:      mrwooster_statue_mirror
D:3:      minmay_goblin_kobold_castle, first_ration, bloody_trog
D:4:      kennysheep_okawaru_gauntlet, nicolae_qazlal_eye_of_the_storm,
          kennysheep_mini_moat, uniq_pikel, uniq_natasha

Skill      XL: |  1  2  3 |
---------------+----------+-----
Long Blades    | 3 |  3.0
Dodging        | 3 |  3.4
Unarmed Combat | 1 |  1.5
Fighting       | 3 |  3.8
Throwing       | |  1.7
Armour         | |  0.1

Action                   |  1- 3 |  4- 6 || total
-------------------------+-------+-------++-------
Melee: Long sword        |    91 |    91 ||   182
       Unarmed           |    10 |       ||    10
       Punch             |     1 |     2 ||     3
  Use: Potion            |     1 |     4 ||     5
       Scroll            |       |     2 ||     2
 Stab: Sleeping          |     1 |     1 ||     2
  Eat: Ration            |     1 |     1 ||     2
       Chunk             |     1 |       ||     1
Armor: Leather armour    |    23 |    38 ||    61
Dodge: Dodged            |    80 |   153 ||   233
       Rpst.: Long sword |    30 |    45 ||    75

Table legend:
 A = Non-vault XP
 B = Vault XP
 C = Vault XP percentage of total XP
 D = Non-vault monster count
 E = Vault monster count
 F = Vault count percentage of total count
                 A         B        C        D         E       F
            +---------+---------+-------+---------+---------+-------
      Total |     184 |      18 |   8.9 |      63 |      14 |  18.2
            +---------+---------+-------+---------+---------+-------
        D:1 |      53 |       0 |   0.0 |      28 |       0 |   0.0
        D:2 |      49 |       0 |   0.0 |      15 |       0 |   0.0
        D:3 |      77 |      18 |  18.9 |      18 |      14 |  43.8
        D:4 |       5 |       0 |   0.0 |       2 |       0 |   0.0
            +---------+---------+-------+---------+---------+-------
